 Dungeon Crawl Stone Soup version 0.23.0-28-g6fe0f4dc8b (webtiles) character file.

Game seed: 7784972730869787190

462 Kniotic the Insei (level 6, -7/47 HPs)
             Began as a Demonspawn Monk on Feb 25, 2019.
             Mangled by an iguana (12 damage)
             ... on level 4 of the Dungeon.
             The game lasted 00:04:08 (4400 turns).

Kniotic the Insei (Demonspawn Monk)                 Turns: 4400, Time: 00:04:08

Health: -7/47      AC:  2    Str: 12    XL:     6   Next: 79%
Magic:  6/6        EV: 13    Int: 11    God:
Gold:   165        SH:  0    Dex: 17    Spells: 5/5 levels left

rFire    . . .     SeeInvis .     - Unarmed
rCold    . . .     Gourm    .   (no shield)
rNeg     . . .     Faith    .   a - +0 robe
rPois    .         Spirit   .   (helmet restricted)
rElec    .         Reflect  .   (no cloak)
rCorr    .         Harm     .   (no gloves)
MR       .....                  (no boots)
Stlth    ++........             (no amulet)
HPRegen  0.15/turn              (no ring)
MPRegen  0.10/turn              (no ring)

@: no status effects
A: claws 1, horns 1
a: no special abilities


You were on level 4 of the Dungeon.
You were hungry.

You visited 1 branch of the dungeon, and saw 4 of its levels.

You collected 165 gold pieces.

Inventory:

Armour
 a - a +0 robe (worn)
Jewellery
 g - an uncursed ring of protection from cold {unknown}
 n - an uncursed ring of fire
Wands
 m - a wand of flame (18)
Scrolls
 c - a scroll of magic mapping {unknown}
 e - 9 scrolls of identify {unknown}
 h - 2 scrolls of teleportation {unknown}
 i - 4 scrolls of remove curse {unknown}
 j - 3 scrolls of amnesia {unknown}
 l - 5 scrolls of enchant weapon {unknown}
 o - a scroll of noise {unknown}
 q - 2 scrolls of immolation {unknown}
 s - a scroll of blinking {unknown}
Potions
 d - 2 potions of mutation {unknown}
 f - 2 potions of curing {unknown}
 k - a potion of haste {unknown}
 p - a potion of might {unknown}
 r - a potion of heal wounds {unknown}
 t - a potion of degeneration {unknown}
Comestibles
 b - 3 rations


   Skills:
 - Level 3.0 Fighting
 - Level 2.6 Dodging
 - Level 1.7 Stealth
 + Level 7.1 Unarmed Combat


You had 5 spell levels left.
You didn't know any spells.
Your spell library was empty.

Dungeon Overview and Level Annotations

Branches:
Dungeon (4/15)
 Temple: D:4-7

Altars:
Nemelex Xobeh

Annotations:
D:2 1 runed translucent door, Crazy Yiuf
D:4 3 runed translucent doors, Dowan; Duvessa; SnubMonkey's ghost, amateur TeAE


Innate Abilities, Weirdness & Mutations

You have sharp fingernails.
You have a pair of small horns on your head.


Message History

You feel sick.
You feel sick.
There is a stone staircase leading down here.
You feel sick.
You feel sick.
You feel sick.
The iguana hisses menacingly.
You feel sick.
You feel sick.
You feel sick.
Things that are here:
a +0 dagger; a +0 ring mail You feel sick.
You feel sick.
You are no longer poisoned.
Things that are here:
a +0 dagger; a +0 robe; a +0 chain mail
There is a stone staircase leading up, spattered with blood here.
The iguana bites you!
You die...

#...(.....<...###### #.#
#.....##.......#...## #.#
###..######....<....## ######.#
##.## #...........# ....##.#
#..## #...........# ###..#.#
##..# #...........# ##.#.# ##.#
##.........##
####.#.#########.#####...#...####
...............)@l...............
####.#.########........#########.
#...# #........#########. #..##
#.................. ##.#
#........###+++###. #.#
#.......##.$..Z.Z## ### #.......#
...?Z.. # #####......##........
...........#...####Z..


You could see an iguana.

Vanquished Creatures
  A bullfrog (D:3)
  A scorpion (D:4)
  2 hounds (D:4)
  An orc wizard (D:4)
  An orc priest (D:3)
  An iguana (D:4)
  2 worker ants
  A hound skeleton (D:4)
  7 adders
  2 oozes
  4 worms
  A dart slug (D:1)
  A leopard gecko (D:1)
  3 orcs
  A ball python (D:2)
  5 bats
  2 giant cockroaches
  5 goblins
  5 hobgoblins
  4 jackals (D:2)
  A quokka (D:2)
  A frilled lizard (D:3)
  6 kobolds
  4 rats (D:1)
62 creatures vanquished.

Notes
Turn   | Place    | Note
-------+----------+-------------------------------------------
     0 | D:1      | Kniotic the Demonspawn Monk began the quest for the Orb.
     0 | D:1      | Reached XP level 1. HP: 18/18 MP: 1/1
   121 | D:1      | Reached skill level 3 in Unarmed Combat
   413 | D:1      | Gained mutation: You have a pair of small horns on your
                  | head. [demonic ancestry]
   413 | D:1      | Reached XP level 2. HP: 19/24 MP: 2/2
   989 | D:1      | Reached XP level 3. HP: 28/29 MP: 3/3
  1193 | D:2      | Reached skill level 4 in Unarmed Combat
  1450 | D:2      | Found a runed translucent door.
  1451 | D:2      | Noticed Crazy Yiuf
  1987 | D:3      | Gained mutation: You have sharp fingernails. [demonic
                  | ancestry]
  1987 | D:3      | Reached XP level 4. HP: 27/35 MP: 4/4
  2132 | D:3      | Found a sparkling altar of Nemelex Xobeh.
  2170 | D:3      | Noticed a bullfrog
  2178 | D:3      | Killed a bullfrog
  2178 | D:3      | Reached skill level 5 in Unarmed Combat
  2178 | D:3      | Reached XP level 5. HP: 19/41 MP: 5/5
  3488 | D:4      | Found a runed translucent gate.
  3489 | D:4      | Found a runed translucent gate.
  3514 | D:4      | Reached skill level 6 in Unarmed Combat
  3797 | D:4      | Reached XP level 6. HP: 47/47 MP: 6/6
  4015 | D:4      | Noticed SnubMonkey's ghost (amateur TeAE)
  4015 | D:4      | Noticed an ice beast
  4049 | D:4      | Found a runed translucent gate.
  4068 | D:4      | Noticed Dowan
  4282 | D:4      | Noticed Duvessa
  4339 | D:4      | Reached skill level 7 in Unarmed Combat
  4400 | D:4      | Mangled by an iguana

Skill      XL: |  1  2  3  4  5  6 |
---------------+-------------------+-----
Unarmed Combat | 3 4 5 6 7 |  7.1
Fighting       | |  3.0
Dodging        | |  2.6
Stealth        | |  1.7

Action                   |  1- 3 |  4- 6 || total
-------------------------+-------+-------++-------
Melee: Unarmed           |   120 |   108 ||   228
       Headbutt          |    16 |    20 ||    36
       Punch             |     2 |     1 ||     3
 Stab: Sleeping          |     5 |     4 ||     9
  Eat: Chunk             |     3 |     7 ||    10
Armor: Robe              |    16 |     9 ||    25
Dodge: Dodged            |    63 |    58 ||   121
